 Dungeon Crawl Stone Soup version 0.30-a0-760-g5a9884bb7c (webtiles) character file.

Game seed: 5706389896996923678

826 Aneyh the Fighter (level 7, 0/51 HPs)
             Began as a Tengu Monk on Feb 11, 2023.
             Killed from afar by an acid dragon (27 damage)
             ... with a splash of acid
             ... on level 5 of the Dungeon.
             The game lasted 00:09:34 (3932 turns).

Aneyh the Fighter (Tengu Monk)                      Turns: 3932, Time: 00:09:34

Health: 0/51       AC:  1    Str: 13    XL:     7   Next: 96%
Magic:  8/8        EV: 15    Int: 11    God:
Gold:   218        SH:  0    Dex: 16    Spells: 6/6 levels left

rFire   + . .      SeeInvis .    a - +3 flail
rCold   . . .      Faith    .    (no shield)
rNeg    + . .      Spirit   .    u - +2 robe {rF+}
rPois   .          Reflect  .    (helmet restricted)
rElec   .          Harm     .    (no cloak)
rCorr   .          Rampage  .    c - +0 pair of gloves
Will    .....                    (boots unavailable)
Stlth   ++                       y - amulet of the acrobat
HPRegen 0.28/turn                j - ring of positive energy
MPRegen 0.11/turn                (no ring)

@: corroded, flying quickly and evasively, quick
A: beak, talons 3, nimble flight
a: no special abilities


You were on level 5 of the Dungeon.
You visited 1 branch of the dungeon, and saw 5 of its levels.

You collected 218 gold pieces.

Inventory:

Hand Weapons
 a - a +3 flail (weapon)
 b - a +0 sling
 k - a +0 spear
Missiles
 w - 4 silver boomerangs (quivered)
Armour
 c - a +0 pair of gloves (worn)
 f - a +0 pair of gloves
 p - a scarf of harm
 u - a +2 robe of fire resistance (worn)
 B - a +0 robe
Magical Staves
 n - a staff of cold
Jewellery
 j - a ring of positive energy (left hand)
 v - a ring of ice
 y - an amulet of the acrobat (around neck)
Wands
 q - a wand of mindburst (25)
 s - a wand of flame (31)
 H - a wand of roots (13)
Scrolls
 d - a scroll of teleportation {unknown}
 g - 8 scrolls of identify {unknown}
 h - a scroll of blinking {unknown}
 i - a scroll of magic mapping {unknown}
 l - a scroll of noise {unknown}
 r - a scroll of poison {unknown}
 t - 2 scrolls of torment {unknown}
 x - a scroll of enchant weapon {unknown}
 z - a scroll of summoning {unknown}
 F - a scroll of vulnerability {unknown}
 I - a scroll of amnesia {unknown}
Potions
 e - 2 potions of lignification
 m - 2 potions of attraction {unknown}
 o - 2 potions of brilliance {unknown}
 A - 2 potions of curing {unknown}
 C - a potion of magic {unknown}
 D - a potion of berserk rage {unknown}
 E - a potion of resistance {unknown}
 G - a potion of heal wounds


   Skills:
 + Level 9.2 Fighting
 - Level 3.2 Polearms
 - Level 3.2 Dodging
 - Level 2.0 Stealth


You had 6 spell levels left.
You didn't know any spells.
Your spell library was empty.

Dungeon Overview and Level Annotations

Branches:
Dungeon (5/15)
 Temple: D:4-7

Altars:
Kikubaaqudgha
Uskayaw
Vehumet
The Shining One

Annotations:
D:2 Sigmund


Innate Abilities, Weirdness & Mutations

You have a beak for a mouth.
You have claws for feet.
Your magical nature lets you fly swiftly and evasively.


Message History

There is an open door here.
Found a stone staircase leading up.
No target in view!
No target in view!
I - a scroll labelled XEQ VAOW PERY You reach down and open the door.
There is an open door here.
You reach down and open the door.
There is an open door here.
You reach down and open the door.
There is an open door here.
An acid dragon comes into view.
The acid dragon roars!
You sock the acid dragon!
The acid dragon is moderately wounded.
The acid dragon misses you. The acid dragon closely misses you.
You sock the acid dragon! Your kick misses the acid dragon.
The acid dragon is severely wounded.
The acid dragon bites you but does no damage.
The acid dragon completely misses you. The acid dragon spits acid at you.
The splash of acid misses you.
You closely miss the acid dragon. You claw the acid dragon.
Your peck misses the acid dragon.
The acid dragon is severely wounded.
The acid dragon spits acid at you. The splash of acid hits you!
The acid corrodes you!
You hit the acid dragon but do no damage.
Your kick misses the acid dragon.
The acid dragon is severely wounded.
The acid dragon bites you. The acid dragon closely misses you.
You closely miss the acid dragon.
You peck the acid dragon, but do no damage.
The acid dragon is severely wounded.
The acid dragon bites you.
The acid dragon claws you but does no damage.
The acid dragon spits acid at you. The splash of acid hits you!!
Ouch! That really hurt!
You die...

#........# # ... #......[.# #
.... #........# #
....######........######
#######......########........
#.....#......# #........
#.....#......# #........
#.....#.....D# #........
#.....#.....@### #........
##'######+###..# ##.......
#......#.......# #.......
#......#.......# #.......
#......#.......# #.......
#....####'############.......
#....####...#...........#####
#...........#...........+
#...........#...........#


You could see an acid dragon (catching breath).

Vanquished Creatures
  An ogre (D:3)
  4 scorpions
  A necrophage (D:3)
  A vampire bat (D:4)
  A jelly (D:3)
  An orc priest (D:3)
  An iguana (D:5)
  6 orc wizards
  4 gnolls (D:3)
  2 adders (D:4)
  A worm (D:3)
  5 dart slugs
  8 orcs
  8 bats
  3 bat skeletons (D:4)
  3 bat zombies (D:4)
  10 endoplasms
  2 giant cockroaches (D:3)
  3 goblins
  9 hobgoblins
  12 jackals
  7 kobolds
  3 quokkas
  7 ball pythons
  A frilled lizard (D:2)
  4 rats
108 creatures vanquished.

Vanquished Creatures (others)
  12 fungi (D:5)
12 creatures vanquished.

Grand Total: 120 creatures vanquished

Notes
Turn   | Place    | Note
-------+----------+-------------------------------------------
     0 | D:1      | Aneyh the Tengu Monk began the quest for the Orb.
     0 | D:1      | Reached XP level 1. HP: 14/14 MP: 2/2
    32 | D:1      | Found a faded altar of an unknown god.
   152 | D:1      | Reached XP level 2. HP: 19/19 MP: 3/3
   306 | D:1      | Reached skill level 4 in Fighting
   330 | D:1      | Reached XP level 3. HP: 24/24 MP: 4/4
  1073 | D:2      | Noticed Sigmund
  1264 | D:3      | Reached XP level 4. HP: 30/30 MP: 5/5
  1278 | D:3      | Reached skill level 5 in Fighting
  1462 | D:3      | Gained mutation: Your magical nature lets you fly swiftly
                  | and evasively. [Tengu growth]
  1462 | D:3      | Reached XP level 5. HP: 36/36 MP: 6/6
  1680 | D:3      | Reached skill level 6 in Fighting
  1682 | D:3      | Found a radiant altar of Vehumet.
  1797 | D:3      | Reached XP level 6. HP: 17/42 MP: 7/7
  1914 | D:3      | Reached skill level 7 in Fighting
  2010 | D:3      | Found a glowing golden altar of the Shining One.
  2315 | D:3      | HP: 1/66 [poisoned by a scorpion]
  2552 | D:4      | Reached XP level 7. HP: 46/48 MP: 8/8
  2580 | D:4      | Reached skill level 8 in Fighting
  3041 | D:4      | Found a hide-covered altar of Uskayaw.
  3141 | D:4      | Found an ancient bone altar of Kikubaaqudgha.
  3283 | D:5      | Entered Level 5 of the Dungeon
  3731 | D:5      | Reached skill level 9 in Fighting
  3932 | D:5      | Killed from afar by an acid dragon

Illustrated notes

Levels and vault maps discovered:
D:1:      dpeg_arrival_ternary, layout_loops_ring,
          ebering_ecumenical_altar_mist, chequers_serial_rivers_micro_b,
          minmay_pentomino_p4
D:2:      layout_basic, uniq_sigmund
D:3:      layout_loops_ring, vehumet_altar_wand_db,
          mainiacjoe_overflow_small_starburst, minmay_randomly_rotated_circles
D:4:      layout_cave_pools, kennysheep_vampire_church,
          eat_drink_and_be_merry_uskayaw
D:5:      old_forge, layout_gridville, serial_shops, nicolae_shop_behind_doors,
          uniq_edmund

Skill      XL: |  1  2  3  4  5  6  7 |
---------------+----------------------+-----
Fighting       | 4 5 6 7 9 |  9.2
Polearms       | |  3.2
Dodging        | |  3.2
Stealth        | |  2.0

Action                     |  1- 3 |  4- 6 |  7- 9 || total
---------------------------+-------+-------+-------++-------
  Melee: Spear             |    97 |    14 |       ||   111
         Kick              |    24 |    25 |    24 ||    73
         Peck              |    13 |    14 |    10 ||    37
         Flail             |       |    71 |    81 ||   152
         Punch             |       |       |     2 ||     2
   Fire: Sling             |       |       |    27 ||    27
  Throw: Throwing net      |       |     1 |       ||     1
         Boomerang         |       |       |     6 ||     6
    Use: Potion            |       |     4 |       ||     4
   Stab: Sleeping          |     6 |     4 |       ||    10
         Distracted        |       |     1 |       ||     1
 Armour: Robe              |    13 |    15 |    40 ||    68
         Skin              |       |     4 |       ||     4
  Dodge: Dodged            |    43 |    67 |    80 ||   190

Table legend: (Time is in decaauts)
 A = Elapsed time spent in this place.
 B = Non-inter-level travel time spent in this place.
 C = Inter-level travel time spent in this place.
 D = Time resting spent in this place.
 E = Time spent auto-exploring this place.
 F = Levels seen in this place.
 G = Mean time per level.
                   A        B        C        D        E       F      G
               +--------+--------+--------+--------+--------+-----+--------+
         Total |   3857 |   3648 |    209 |    790 |   1891 |   5 |  771.4 |
       Dungeon |   3857 |   3648 |    209 |    790 |   1891 |   5 |  771.4 |
               +--------+--------+--------+--------+--------+-----+--------+

Top non-repeatable levels by time:
     D:3: 1247 daAuts
     D:4: 1056 daAuts
     D:1: 908 daAuts
     D:5: 334 daAuts
     D:2: 310 daAuts
